 Dungeon Crawl Stone Soup version 0.26-a0-854-gdc81c2f471 (webtiles) character file.

Game seed: 345217145439087967

148 iamoutofideas the Magician (level 5, -15/28 HPs)
             Began as a Deep Elf Fire Elementalist on Nov 23, 2020.
             Demolished by an ogre
             ... wielding a +0 giant spiked club
              (30 damage)
             ... on level 4 of the Dungeon.
             The game lasted 00:03:51 (4110 turns).

iamoutofideas the Magician (DEFE)                   Turns: 4110, Time: 00:03:52

Health: -15/28     AC:  2    Str:  5    XL:     5   Next: 8%
Magic:  0/13       EV: 13    Int: 21    God:
Gold:   78         SH:  0    Dex: 15    Spells: 4/13 levels left

rFire    . . .     SeeInvis .   (no weapon)
rCold    . . .     Faith    .   (no shield)
rNeg     . . .     Spirit   +   a - +0 robe
rPois    .         Reflect  .   (no helmet)
rElec    .         Harm     .   (no cloak)
rCorr    .         Rampage  .   (no gloves)
MR       .....                  (no boots)
Stlth    ++........             e - amulet of guardian spirit
HPRegen  0.09/turn              (no ring)
MPRegen  0.13/turn              (no ring)

@: no status effects
A: no striking features
a: no special abilities


You were on level 4 of the Dungeon.
You visited 1 branch of the dungeon, and saw 4 of its levels.

You collected 78 gold pieces.

Inventory:

Armour
 a - a +0 robe (worn)
Jewellery
 e - an amulet of guardian spirit (around neck)
Wands
 h - a wand of paralysis (6)
Scrolls
 b - a scroll of fog {unknown}
 c - 5 scrolls of identify {unknown}
 d - a scroll of remove curse {unknown}
Potions
 g - a potion of curing {unknown}
 i - a potion of magic {unknown}
 j - a potion of resistance {unknown}


   Skills:
 * Level 0.2 Fighting
 + Level 2.8 Dodging
 + Level 2.9 Stealth
 - Level 0.4 Unarmed Combat
 * Level 4.5 Spellcasting
 + Level 2.8 Conjurations
 + Level 4.4 Fire Magic


You had 4 spell levels left.
You knew the following spells:

 Your Spells              Type           Power        Failure   Level
a - Foxfire               Conj/Fire      ###.         2%          1
b - Conjure Flame         Conj/Fire      ###.....     8%          3
c - Fireball              Conj/Fire      ###.......   58%         5

Your spell library contained the following spells:

 Spells                   Type           Power        Failure   Level
 Inner Flame              Hex/Fire       ##......     14%         3
 Sticky Flame             Conj/Fire      ###.....     26%         4


Dungeon Overview and Level Annotations

Branches:
Dungeon (4/15)
 Temple: D:4-7

Altars:
Dithmenos
Hepliaklqana
Uskayaw

Annotations:
D:3 2 transporters, iamoutofideas's ghost, amateur TrHu


Message History

You conjure some foxfire!
The ogre hits you with a +0 giant spiked club!!
Ouch! That really hurt!
* * * LOW HITPOINT WARNING * * *
Unknown command.
It was a potion of heal wounds.
You feel much better.
The foxfire hits the ogre!
The ogre is severely wounded.
The foxfire hits the ogre but does no damage.
The ogre is severely wounded.
Casting: Foxfire (safe; 2% risk of failure)
Confirm with . or Enter, or press ? or * to list all spells.
You conjure some foxfire!
The ogre hits you with a +0 giant spiked club!
Your foxfire dissipates!
The foxfire hits the ogre!
The ogre is almost dead.
The ogre hits you with a +0 giant spiked club!!
Ouch! That really hurt!
You die...

#.........# #.......(.#
#.........#
#.........####
#............##########
#####.###.............#
#^###.#.#########.#
#.....#.#..#<...#.#
#######.#@.####.#.#
#.#.O.....#.#
#.##.##.....#
#.....#.##### #######.#
#.# #.# #.# #.#


You could see an ogre.

Vanquished Creatures
  A hound (D:2)
  3 adders (D:2)
  2 oozes (D:1)
  2 worms (D:2)
  3 leopard geckos (D:2)
  8 bats
  2 giant cockroaches
  12 goblins
  9 hobgoblins
  2 jackals (D:1)
  8 kobolds
  3 quokkas (D:2)
  3 frilled lizards
  A quokka skeleton (D:4)
  12 rats
71 creatures vanquished.

Vanquished Creatures (collateral kills)
  A foxfire (D:2)
1 creature vanquished.

Vanquished Creatures (others)
  237 foxfires
  9 plants (D:2)
246 creatures vanquished.

Grand Total: 318 creatures vanquished

Notes
Turn   | Place    | Note
-------+----------+-------------------------------------------
     0 | D:1      | iamoutofideas the Deep Elf Fire Elementalist began the
                  | quest for the Orb.
     0 | D:1      | Reached XP level 1. HP: 10/10 MP: 6/6
   450 | D:1      | Reached XP level 2. HP: 15/15 MP: 6/8
  1334 | D:1      | Reached XP level 3. HP: 7/19 MP: 5/10
  1750 | D:2      | Learned a level 3 spell: Conjure Flame
  2017 | D:2      | Reached XP level 4. HP: 24/24 MP: 2/12
  2182 | D:2      | Found a hide-covered altar of Uskayaw.
  2190 | D:2      | Noticed a +0 hand axe
  2190 | D:2      | Noticed a +0 hand axe
  2256 | D:2      | Found a shadowy altar of Dithmenos.
  3194 | D:3      | Reached XP level 5. HP: 28/28 MP: 9/13
  3263 | D:3      | Learned a level 5 spell: Fireball
  3383 | D:3      | Found a transporter.
  3383 | D:3      | Noticed iamoutofideas's ghost (amateur TrHu)
  3802 | D:3      | Found a hazy altar of Hepliaklqana.
  3828 | D:3      | Found a transporter.
  4074 | D:4      | Noticed an ogre
  4110 | D:4      | Demolished by an ogre

Illustrated notes

Levels and vault maps discovered:
D:1:      saegor_arrival_simple_c, layout_loops_corners, serial_aquarium,
          aquarium_bridge_square [aquarium_subvault_wall,
          aquarium_subvault_bridge, aquarium_subvault_window,
          aquarium_subvault_bridge], aquarium_bridge_straight
          [aquarium_subvault_bridge, aquarium_subvault_balcony,
          aquarium_subvault_bridge, aquarium_subvault_window],
          aquarium_window_1, aquarium_window_corner, aquarium_view_2a,
          aquarium_view_2c, aquarium_balcony_double_2, minmay_misc_feat_roman
D:2:      layout_basic, dancing_weapons_uskayaw, grunt_dithmenos_smoke,
          serial_bayou, serial_bayou_pond_b, serial_bayou_shore_a,
          serial_bayou_pond_b, serial_bayou_pond_a, chequers_big_river,
          minmay_distorted
D:3:      layout_loops_ring, lemuel_doored_altar, gammafunk_ghost_mausoleum
D:4:      layout_basic, vehumet_statue, temple_doors_e, trog_hazing_becter

Skill      XL: |  1  2  3 |
---------------+----------+-----
Fire Magic     | 4 |  4.4
Spellcasting   | 4 |  4.5
Conjurations   | 2 |  2.8
Fighting       | |  0.2
Dodging        | |  2.8
Stealth        | |  2.9
Unarmed Combat | |  0.4

Action                   |  1- 3 |  4- 6 || total
-------------------------+-------+-------++-------
Melee: Unarmed           |    33 |    22 ||    55
 Cast: Foxfire           |    85 |    72 ||   157
  Use: Potion            |       |     1 ||     1
 Stab: Sleeping          |     3 |     2 ||     5
Armor: Robe              |     7 |     7 ||    14
Dodge: Dodged            |    41 |    31 ||    72

Table legend: (Time is in decaauts)
 A = Elapsed time spent in this place.
 B = Non-inter-level travel time spent in this place.
 C = Inter-level travel time spent in this place.
 D = Time resting spent in this place.
 E = Time spent auto-exploring this place.
 F = Levels seen in this place.
 G = Mean time per level.
                   A        B        C        D        E       F      G
               +--------+--------+--------+--------+--------+-----+--------+
         Total |   4140 |   4019 |    121 |    422 |   3074 |   4 | 1035.0 |
       Dungeon |   4140 |   4019 |    121 |    422 |   3074 |   4 | 1035.0 |
               +--------+--------+--------+--------+--------+-----+--------+

Top non-repeatable levels by time:
     D:1: 1740 daAuts
     D:2: 1480 daAuts
     D:3: 799 daAuts
     D:4: 120 daAuts
